 Dungeon Crawl Stone Soup version 0.31-a0-810-ga77100ea1a (webtiles) character file.

Game seed: 4574150959283771909

230 IdlyInterested the Trooper (level 5, -11/42 HPs)
             Began as a Demonspawn Gladiator on Sept 21, 2023.
             Killed from afar by Duvessa (14 damage)
             ... with a puff of flame
             ... on level 4 of the Dungeon.
             The game lasted 00:09:04 (2580 turns).

IdlyInterested the Trooper (Demonspawn Gladiator)   Turns: 2580, Time: 00:09:05

Health: -11/42     AC:  9    Str: 16    XL:     5   Next: 72%
Magic:  5/5        EV: 10    Int:  9    God:
Gold:   64         SH:  0    Dex: 15    Spells: 4/4 levels left

rFire   . . .        a - +0 war axe
rCold   + + .        (no shield)
rNeg    + . .        o - +1 scale mail {rC+}
rPois   .            c - +0 helmet
rElec   .            s - +0 cloak
rCorr   +            (no gloves)
SInv    +            (no boots)
Will    +....        v - amulet of regeneration Stlth
                     D - ring "Pirede" {rC+ rN+ Will- rCorr SInv}
HPRegen 1.07/turn    p - ring of willpower
MPRegen 0.09/turn

%: no passive effects
@: lit by a corona, enlightened, flying, glowing
A: hooves 1, condensation shield
a: no special abilities


You were on level 4 of the Dungeon.
You visited 1 branch of the dungeon, and saw 4 of its levels.

You collected 144 gold pieces.
You spent 80 gold pieces at shops.

Inventory:

Hand Weapons
 a - a +0 war axe (weapon)
 l - a +0 spear
Missiles
 d - a throwing net
 e - 7 javelins
 h - a boomerang
 j - 28 stones (quivered)
 k - 6 poisoned darts
Armour
 c - a +0 helmet (worn)
 o - a +1 scale mail of cold resistance (worn)
 s - a +0 cloak (worn)
Jewellery
 f - a +4 ring of protection
 p - a ring of willpower (right hand)
 v - an amulet of regeneration (around neck)
 z - a ring of positive energy
 D - the ring "Pirede" (left hand) {rC+ rN+ Will- rCorr SInv}
   (You found it on level 4 of the Dungeon)

   [ring of see invisible]

   rC+:       It protects you from cold.
   rN+:       It protects you from negative energy.
   Will-:     It decreases your willpower.
   SInv:      It lets you see invisible.
   rCorr:     It protects you from acid and corrosion.
Talismans
 g - a flux talisman
Wands
 n - a wand of quicksilver (11)
 B - a wand of iceblast (9)
Scrolls
 b - a scroll of fear
 i - a scroll of poison
 u - 2 scrolls of teleportation
 x - a scroll of revelation
 y - a scroll of fog
 A - 2 scrolls of noise
Potions
 m - a potion of invisibility {unknown}
 q - a potion of mutation
 r - a potion of enlightenment
 t - a potion of lignification {unknown}
 w - a potion of berserk rage {unknown}


   Skills:
 * Level 4.2 Fighting
 + Level 3.5 Axes
 * Level 1.7 Throwing
 - Level 2.0 Armour
 - Level 2.6 Dodging
 - Level 1.0 Stealth
 - Level 1.0 Evocations
 - Level 1.0 Shapeshifting


You had 4 spell levels left.
You didn't know any spells.
Your spell library contained the following spells:

 Spells                   Type           Power      Damage    Failure   Level
 Cigotuvi's Dreadful Rot  Necr/Pois/Air  0%         N/A       92%         2
 Ignite Poison            Fire/Tmut/Pois 0%         N/A       99%         3
 Freezing Cloud           Conj/Ice/Air   0%         6-21      100%        5


Dungeon Overview and Level Annotations

Branches:
Dungeon (4/15)
 Temple: D:4-7

Altars:
Cheibriados
Kikubaaqudgha

Shops:
D:1 !

Annotations:
D:4 Dowan, Duvessa


Innate Abilities, Weirdness & Mutations

You have large cloven feet.
A meltable shield of frost defends you. (SH +0)


Message History

Duvessa struggles against the net.
You hit Duvessa.
Duvessa is moderately wounded.
Duvessa struggles against the net.
Dowan smirks and points a slender finger.
Dowan mumbles some strange words.
Dowan blinks!
Duvessa zaps a wand.
The puff of flame hits you.
Duvessa struggles against the net.
The net rips apart, and Duvessa comes free!
Throw: 2 throwing nets
Press: ? - help, Shift-Dir - straight line, f/p - Duvessa
Aim: Duvessa, wielding a +0 rapier, wearing a +2 ring mail of fire resistance and carrying a wand of flame (moderately wounded, fast, 65% to hit)
You throw a throwing net. The throwing net hits Duvessa.
Duvessa is caught in the net!
Duvessa is moderately wounded.
You catch the helpless Duvessa completely off-guard!
You hit Duvessa.
Duvessa is moderately wounded.
Duvessa zaps a wand.
The puff of flame hits you!
Duvessa struggles against the net.
Dowan casts a spell at you.
You are outlined in light.
You hit Duvessa.
Duvessa is moderately wounded.
Duvessa struggles against the net. x2
Dowan gestures wildly while chanting.
Dowan blinks!
You hit Duvessa. Your kick misses Duvessa.
Duvessa is heavily wounded.
Duvessa struggles against the net.
The net rips apart, and Duvessa comes free!
Duvessa gestures with her weapon.
Duvessa hits you with a +0 rapier!
* * * LOW HITPOINT WARNING * * *
It was a potion of enlightenment.
You feel very buoyant.
You fly up into the air.
Duvessa zaps a wand.
The puff of flame hits you!
* * * LOW HITPOINT WARNING * * *
Duvessa zaps a wand.
The puff of flame hits you!
You die...

...##. .......... ...#
.. ##......... #####
..........
#⌠8⌠#.............#
+...#.............#
#...#.............#
+...#.............#
#.e.#.............#
..#####@##.............#
............§..........#
.....#..................
.... ##....##....###....
..# #############..... .
#...### #...#.. #..#...
#..#...


You could see Duvessa (fast).

Vanquished Creatures
  A scorpion (D:4)
  An iguana (D:4)
  3 gnolls (D:2)
  5 adders
  4 worms
  A dart slug (D:1)
  5 orcs (D:3)
  3 ball pythons
  4 endoplasms
  2 giant cockroaches
  6 goblins
  4 hobgoblins
  3 kobolds
  6 quokkas
  4 bats
  2 frilled lizards
  5 rats
59 creatures vanquished.

Notes
Turn   | Place    | Note
-------+----------+-------------------------------------------
     0 | D:1      | IdlyInterested the Demonspawn Gladiator began the quest for
                  | the Orb.
     0 | D:1      | Reached XP level 1. HP: 16/16 MP: 1/1
    31 | D:1      | Found Zeny's Distillery.
   140 | D:1      | Gained mutation: You have large cloven feet. [demonic
                  | ancestry]
   140 | D:1      | Reached XP level 2. HP: 21/22 MP: 2/2
   180 | D:1      | Reached skill level 1 in Armour
   227 | D:1      | You fall into a shaft and drop 1 floor!
   269 | D:2      | Reached skill level 1 in Stealth
   269 | D:2      | Gained mutation: A meltable shield of frost defends you.
                  | (SH +0) [demonic ancestry]
   269 | D:2      | Reached XP level 3. HP: 12/28 MP: 3/3
   467 | D:2      | Reached skill level 3 in Fighting
   487 | D:2      | Reached skill level 1 in Shapeshifting
   487 | D:2      | Reached XP level 4. HP: 14/35 MP: 4/4
  1314 | D:1      | Bought a potion of mutation for 80 gold pieces
  1359 | D:3      | Found a faded altar of an unknown god.
  1482 | D:3      | Reached skill level 1 in Evocations
  1700 | D:3      | Found an ancient bone altar of Kikubaaqudgha.
  1854 | D:3      | Found a snail-covered altar of Cheibriados.
  2379 | D:4      | Identified the ring "Pirede" {rC+ rN+ Will- rCorr SInv}
  2436 | D:4      | Reached XP level 5. HP: 37/42 MP: 5/5
  2565 | D:4      | Reached skill level 4 in Fighting
  2565 | D:4      | Noticed Duvessa
  2565 | D:4      | Noticed Dowan
  2580 | D:4      | Killed from afar by Duvessa

Illustrated notes

Levels and vault maps discovered:
D:1:      giann_bridges, layout_rooms, serial_shops, shop
D:2:      layout_basic, glass_columns_c
D:3:      layout_loops_ring, lemuel_doored_altar,
          mainiacjoe_overflow_concentric_impassable,
          mainiacjoe_overflow_24_doors, chequers_ecumenical_altar_simple,
          serial_glass, glass_columns_a, glass_columns_a, chequers_mini_garden,
          columned_hall_lemuel, minmay_pentomino_pile
D:4:      dreamdust_elfheim, layout_cave_pools, mainiacjoe_overflow_alcove_4,
          uniq_crazy_yiuf_cottage

Skill      XL: |  1  2  3  4  5 |
---------------+----------------+-----
Armour         | 1 2 |  2.0
Stealth        | 1 |  1.0
Axes           | 3 |  3.5
Fighting       | 3 4 |  4.2
Shapeshifting  | 1 |  1.0
Evocations     | 1 |  1.0
Throwing       | |  1.7
Dodging        | |  2.6

Action                     |  1- 3 |  4- 6 || total
---------------------------+-------+-------++-------
  Melee: War axe           |    78 |   119 ||   197
         Kick              |    17 |    22 ||    39
         Punch             |     1 |     1 ||     2
  Throw: Stone             |       |     6 ||     6
         Throwing net      |       |     3 ||     3
    Use: Scroll            |       |     6 ||     6
         Potion            |       |     1 ||     1
   Stab: Held in net/web   |       |     1 ||     1
 Armour: Leather armour    |    45 |     7 ||    52
         Scale mail        |       |    76 ||    76
  Dodge: Dodged            |    70 |    48 ||   118
  Block: Other             |     8 |    23 ||    31

Table legend: (Time is in decaauts)
 A = Elapsed time spent in this place.
 B = Non-inter-level travel time spent in this place.
 C = Inter-level travel time spent in this place.
 D = Time resting spent in this place.
 E = Time spent auto-exploring this place.
 F = Levels seen in this place.
 G = Mean time per level.
                   A        B        C        D        E       F      G
               +--------+--------+--------+--------+--------+-----+--------+
         Total |   2646 |   2146 |    500 |    212 |   1121 |   4 |  661.5 |
       Dungeon |   2646 |   2146 |    500 |    212 |   1121 |   4 |  661.5 |
               +--------+--------+--------+--------+--------+-----+--------+

Top non-repeatable levels by time:
     D:2: 1026 daAuts
     D:3: 851 daAuts
     D:1: 564 daAuts
     D:4: 205 daAuts
